 Dungeon Crawl Stone Soup version 0.20-a0-920-gb18bc0f (webtiles) character file.

472 Wendigo the Poker (level 6, -1/50 HPs)
             Began as a Demonspawn Monk on Mar 25, 2017.
             Was a Believer of Yredelemnul.
             Slain by an iguana (9 damage)
             ... on level 4 of the Dungeon.
             The game lasted 00:08:50 (5060 turns).

Wendigo the Poker (Demonspawn Monk)                 Turns: 5060, Time: 00:08:52

Health: -1/50      AC: 14    Str: 12 (14) XL:     6   Next: 83%
Magic:  6/6        EV:  9    Int:  9 (11) God:    Yredelemnul [**....]
Gold:   185        SH:  0    Dex: 18 (20) Spells: 5/5 levels left

rFire    . . .     SeeInvis .   t - +1 spear (pierce)
rCold    . . .     Gourm    .   (no shield)
rNeg     . . .     Faith    .   l - +0 plate armour
rPois    .         Spirit   .   (no helmet)
rElec    .         Reflect  .   p - +0 cloak
rCorr    .         Harm     .   w - +0 pair of gloves
MR       .....                  (no boots)
Stlth    ..........             (no amulet)
Regen    0.2/turn               (no ring)
MPRegen  0.1/turn               (no ring)

@: agile
A: rugged brown scales 1, nightstalker 1, powered by pain 2
a: Animate Remains, Recall Undead Slaves, Injury Mirror, Renounce Religion


You were on level 4 of the Dungeon.
You worshipped Yredelemnul.
Yredelemnul was pleased with you.
You were not hungry.

You visited 1 branch of the dungeon, and saw 4 of its levels.

You collected 185 gold pieces.

Inventory:

Hand Weapons
 t - a +1 spear of piercing (weapon)
 A - a +0 halberd
Armour
 l - a +0 plate armour (worn)
 p - a +0 cloak (worn)
 w - a +0 pair of gloves (worn)
Scrolls
 d - a scroll of recharging
 f - 5 scrolls of identify
 g - 4 scrolls of remove curse
 h - a scroll of noise {unknown}
 j - 3 scrolls of teleportation
 n - a scroll of enchant armour {unknown}
 o - a scroll of fog {unknown}
 s - 2 scrolls of blinking {unknown}
 y - a scroll of amnesia {unknown}
 z - a scroll of magic mapping {unknown}
Potions
 b - a potion of haste {unknown}
 e - 2 potions of degeneration
 i - a potion of agility {unknown}
 k - a potion of flight {unknown}
 m - a potion of berserk rage {unknown}
 r - 4 potions of curing {unknown}
 u - a potion of mutation {unknown}
 v - a potion of brilliance {unknown}
Comestibles
 a - a meat ration
 c - a bread ration
 q - 4 fruits


   Skills:
 + Level 4.6 Fighting
 * Level 5.4 Polearms
 + Level 2.5 Armour
 - Level 3.0 Dodging
 - Level 1.7 Stealth
 + Level 0.3 Invocations


You had 5 spell levels left.
You didn't know any spells.

Dungeon Overview and Level Annotations

Branches:
Dungeon (4/15)
 Temple: D:4-7

Altars:
Trog
Yredelemnul


Innate Abilities, Weirdness & Mutations

You are partially covered in rugged brown scales. (AC +1, +3% HP)
You are slightly more attuned to the shadows.
You sometimes gain power by taking damage.


Message History

The orc hits you but does no damage.
The orc hits your orc priest zombie but does no damage.
Your plate armour prevents you from hitting the iguana.
The orc priest hits you but does no damage.
Your frilled lizard zombie bites the iguana but does no damage.
Your orc priest zombie hits the orc but does no damage.
The orc hits your orc priest zombie but does no damage.
The orc barely misses you.
You hit the iguana but do no damage. The iguana bites you.
* * * LOW HITPOINT WARNING * * *
The orc priest hits you with a club.
* * * LOW HITPOINT WARNING * * *
Your frilled lizard zombie bites the iguana but does no damage.
You hit the iguana.
The iguana is moderately wounded.
The orc hits your orc priest zombie but does no damage.
The orc hits you but does no damage.
Your orc priest zombie hits the orc.
The iguana bites you!
You die...
Your body rises from the dead as a mindless zombie.

. # ..#. ...### .
##....# .. #.. #.##
...####.###..### ######
..W...........)###.....
#.ooZ.....##)........
#ol@.....######.....
#.oZ.....######.....
......................
..################.....
. #..... #..... #.....
#..... ######


You could see a phantom, an iguana, 3 orc priests, an orc, a friendly frilled
lizard zombie and a friendly orc priest zombie.

Vanquished Creatures
  Menkaure (D:4)
  A sky beast (D:3)
  An orc priest (D:4)
  2 orc wizards (D:4)
  A worker ant (D:4)
  5 gnolls
  3 adders (D:2)
  An adder skeleton (D:4)
  7 worms
  A dart slug (D:2)
  5 orcs
  3 giant cockroaches
  8 goblins
  10 hobgoblins
  A quokka (D:2)
  6 bats
  4 frilled lizards
  6 kobolds
  8 rats
74 creatures vanquished.

Notes
Turn   | Place    | Note
-------+----------+-------------------------------------------
     0 | D:1      | Wendigo the Demonspawn Monk began the quest for the Orb.
     0 | D:1      | Reached XP level 1. HP: 18/18 MP: 1/1
    77 | D:1      | Reached skill level 3 in Polearms
    77 | D:1      | Gained mutation: You sometimes gain a little power by taking damage. [demonic ancestry]
    77 | D:1      | Reached XP level 2. HP: 2/24 MP: 2/2
    84 | D:1      | HP: 1/24 [giant cockroach (1)]
  1107 | D:1      | Gained mutation: You are slightly more attuned to the shadows. [demonic ancestry]
  1107 | D:1      | Reached XP level 3. HP: 26/29 MP: 3/3
  2047 | D:2      | Reached XP level 4. HP: 36/36 MP: 4/4
  2423 | D:2      | Reached skill level 4 in Polearms
  3124 | D:2      | Reached skill level 1 in Armour
  3329 | D:3      | Gained mutation: You sometimes gain power by taking damage. [demonic ancestry]
  3329 | D:3      | Reached XP level 5. HP: 35/42 MP: 5/5
  3594 | D:3      | Noticed a moth of wrath
  3597 | D:3      | Found a bloodstained altar of Trog.
  3798 | D:3      | Found a basalt altar of Yredelemnul.
  3802 | D:3      | Became a worshipper of Yredelemnul the Dark
  3802 | D:3      | Reached * piety under Yredelemnul
  3802 | D:3      | Reached ** piety under Yredelemnul
  3896 | D:3      | Noticed a sky beast
  3915 | D:3      | Killed a sky beast
  4501 | D:4      | Noticed Menkaure
  4506 | D:4      | Killed Menkaure
  4506 | D:4      | Reached skill level 5 in Polearms
  4506 | D:4      | Gained mutation: You are partially covered in rugged brown scales. (AC +1, +3% HP) [demonic ancestry]
  4506 | D:4      | Reached XP level 6. HP: 30/50 MP: 6/6
  4737 | D:4      | HP: 2/50 [poisoned by a worker ant]
  5060 | D:4      | Slain by an iguana

Vault maps used:
D:1:      evilmike_arrival_rings
D:3:      marbit_many_paths, tgw_trog
D:4:      nicolae_ru_path_of_blood, kennysheep_mini,
          nicolae_overflow_crystal_walls, first_bread, uniq_menkaure

Skill      XL: |  1  2  3  4  5 |
---------------+----------------+-----
Polearms       | 3 4 5 |  5.4
Dodging        | 3 |  3.0
Armour         | 1 2 |  2.5
Fighting       | 4 |  4.6
Stealth        | |  1.7
Invocations    | |  0.3

Action                   |  1- 3 |  4- 6 || total
-------------------------+-------+-------++-------
Melee: Spear             |   128 |   292 ||   420
       Halberd           |       |     1 ||     1
Invok: Animate Remains   |       |     2 ||     2
  Use: Scroll            |     2 |     3 ||     5
       Potion            |       |     1 ||     1
 Stab: Sleeping          |     5 |       ||     5
       Distracted        |     1 |       ||     1
  Eat: Chunk             |     4 |     8 ||    12
       Royal jelly       |       |     1 ||     1
Armor: Robe              |    11 |       ||    11
       Plate armour      |    24 |   152 ||   176
Dodge: Dodged            |    54 |    46 ||   100
